 Dungeon Crawl Stone Soup version 0.27.0-1-g7a089689b8 (webtiles) character file.

Game seed: 5155180467104505507

1781773 inmateoo the Slayer (level 27, 247/247 HPs)
             Began as a Merfolk Gladiator on July 31, 2021.
             Was the Champion of Okawaru.
             Escaped with the Orb
             ... and 3 runes!
             The game lasted 02:00:52 (69903 turns).

inmateoo the Slayer (Merfolk Gladiator)            Turns: 69903, Time: 02:00:52

Health: 247/247    AC: 44    Str: 24    XL:     27
Magic:  29/29      EV: 17    Int:  6    God:    Okawaru [******]
Gold:   6601       SH: 16    Dex: 18    Spells: 26/26 levels left

rFire    + + +     SeeInvis +   G - +11 trident of the Wizarding Enemy {vorpal, rC+ Will+ Int-4 SInv}
rCold    + + +     Faith    .   p - +2 kite shield {rN+}
rNeg     + . .     Spirit   .   Y - +8 gold dragon scales
rPois    +         Reflect  .   I - +1 helmet of Context {rElec rC+ Slay+4}
rElec    +         Harm     .   j - +2 cloak {rCorr}
rCorr    +         Rampage  +   m - +1 pair of gloves
Will     ++++.                  r - +2 pair of boots {rampage}
Stlth    ..........             v - amulet of regeneration
HPRegen  1.51/turn              M - ring of willpower
MPRegen  0.21/turn              h - ring of Iloxtoref {rPois rF+ Slay+3}

@: studying 3 skills
A: (nimble swimmer 2), mertail, agile 1, fire resistance 1, mutation resistance
1, inability to read while threatened
0: Orb of Zot
}: 3/15 runes: barnacled, silver, gossamer
a: Renounce Religion, Heroism, Finesse


You escaped.
You worshipped Okawaru.
Okawaru was exalted by your worship.
You visited 11 branches of the dungeon, and saw 51 of its levels.
You visited the Abyss 2 times.
You also visited: Bailey and Wizlab.

You collected 9002 gold pieces.
You spent 2401 gold pieces at shops.

Inventory:

Hand Weapons
 z - a +8 vorpal demon trident
 G - the +11 trident of the Wizarding Enemy (weapon) {vorpal, rC+ Will+ Int-4 SInv}
   (Okawaru gifted it to you on level 3 of the Spider Nest)

   It inflicts extra damage upon your enemies.
   Int:       It affects your intelligence (-4).
   rC:        It protects you from cold.
   SInv:      It lets you see invisible.
   Will:      It increases your willpower.
Missiles
 d - 9 throwing nets
 y - 20 curare-tipped darts (quivered)
Armour
 j - a +2 cloak of preservation (worn)
 m - a +1 pair of gloves (worn)
 p - a +2 kite shield of positive energy (worn)
 r - a +2 pair of boots of rampaging (worn)
 I - the +1 helmet of Context (worn) {rElec rC+ Slay+4}
   (Okawaru gifted it to you on level 2 of the Shoals)

   Slay:      It affects your accuracy & damage with ranged weapons and melee
   (+4).
   rC:        It protects you from cold.
   rElec:     It insulates you from electricity.
 U - the +2 shield of Resistance {rF++ rC++ Will++}
   (Okawaru gifted it to you on level 3 of the Realm of Zot)

   rF:        It greatly protects you from fire.
   rC:        It greatly protects you from cold.
   Will:      It greatly increases your willpower.
 Y - +8 gold dragon scales (worn)
Jewellery
 b - the ring "Gonko" {rCorr SInv Stlth+}
   (You acquired it on level 2 of the Dungeon)

   [ring of see invisible]

   SInv:      It lets you see invisible.
   rCorr:     It protects you from acid and corrosion.
   Stlth:     It makes you more stealthy.
 h - the ring of Iloxtoref (right hand) {rPois rF+ Slay+3}
   (You found it on level 3 of the Depths)

   [ring of poison resistance]

   Slay:      It affects your accuracy & damage with ranged weapons and melee
   (+3).
   rF:        It protects you from fire.
   rPois:     It protects you from poison.
 i - a ring of protection from fire
 v - an amulet of regeneration (around neck)
 L - the ring "Wukoocha" {Drain rPois rC+ rCorr Dex+5}
   (You took it off a vault warden on level 5 of the Vaults)

   [ring of resist corrosion]

   Dex:       It affects your dexterity (+5).
   rC:        It protects you from cold.
   rPois:     It protects you from poison.
   rCorr:     It protects you from acid and corrosion.
   Drain:     It drains your maximum health when unequipped.
 M - a ring of willpower (left hand)
Wands
 c - a wand of digging (10)
 n - a wand of flame (55)
 w - a wand of iceblast (38)
 J - a wand of paralysis (46)
 P - a wand of polymorph (31)
 Q - a wand of mindburst (62)
 S - a wand of acid (24)
Scrolls
 e - a scroll of silence
 f - 32 scrolls of identify
 t - 4 scrolls of holy word
 x - 17 scrolls of teleportation
 B - 10 scrolls of amnesia
 K - a scroll of summoning
 N - 9 scrolls of blinking
 T - 7 scrolls of fear
 X - 7 scrolls of fog
Potions
 g - 17 potions of ambrosia
 k - 16 potions of flight
 o - 4 potions of mutation
 q - 13 potions of curing
 s - 7 potions of might
 u - 5 potions of brilliance
 C - 7 potions of cancellation
 E - 5 potions of invisibility
 F - 8 potions of berserk rage
 H - 7 potions of magic
 V - 3 potions of resistance
 Z - 6 potions of heal wounds
Miscellaneous
 a - a phantom mirror
 l - a lightning rod (4/4)
 D - the horn of Geryon
 R - a condenser vane


   Skills:
 + Level 26.9 Fighting
 + Level 24.8 Polearms
 - Level 4.0 Throwing
 - Level 20.0 Armour
 + Level 25.4 Dodging
 - Level 14.0 Shields
 - Level 8.0 Invocations
 + Level 21.2 Evocations


You had 26 spell levels left.
You didn't know any spells.
Your spell library contained the following spells:

 Spells                   Type           Power      Damage    Failure   Level
 Apportation              Tloc           0%         N/A       100%        1
 Beastly Appendage        Tmut           0%         N/A       100%        1
 Foxfire                  Conj/Fire      0%         2x1d4     100%        1
 Freeze                   Ice            0%         1d3       100%        1
 Magic Dart               Conj           0%         1d3       100%        1
 Summon Small Mammal      Summ           0%         N/A       100%        1
 Blink                    Tloc           N/A        N/A       100%        2
 Call Imp                 Summ           0%         N/A       100%        2
 Ensorcelled Hibernation  Hex/Ice        0%         N/A       100%        2
 Slow                     Hex            0%         N/A       100%        2
 Static Discharge         Conj/Air       0%         N/A       100%        2
 Wereblood                Tmut           0%         N/A       100%        2
 Call Canine Familiar     Summ           0%         N/A       100%        3
 Confusing Touch          Hex            0%         N/A       100%        3
 Dazzling Flash           Conj/Hex       0%         N/A       100%        3
 Frozen Ramparts          Ice            0%         1d2       100%        3
 Gell's Gravitas          Tloc           0%         N/A       100%        3
 Inner Flame              Hex/Fire       0%         N/A       100%        3
 Lesser Beckoning         Tloc           0%         N/A       100%        3
 Mephitic Cloud           Conj/Pois/Air  0%         N/A       100%        3
 Portal Projectile        Hex/Tloc       0%         N/A       100%        3
 Spider Form              Tmut/Pois      0%         N/A       100%        3
 Stone Arrow              Conj/Erth      0%         3d7       100%        3
 Summon Guardian Golem    Hex/Summ       0%         N/A       100%        3
 Teleport Other           Tloc           0%         N/A       100%        3
 Vampiric Draining        Necr           0%         2d6       100%        3
 Airstrike                Air            0%         N/A       100%        4
 Animate Armour           Summ/Erth      0%         N/A       100%        4
 Animate Dead             Necr           0%         N/A       100%        4
 Cause Fear               Hex            0%         N/A       100%        4
 Dispel Undead            Necr           0%         3d6       100%        4
 Hailstorm                Conj/Ice       0%         3d3       100%        4
 Ice Form                 Ice/Tmut       0%         N/A       100%        4
 Iskenderun's Mystic Bla  Conj/Tloc      0%         2d3       100%        4
 Leda's Liquefaction      Hex/Erth       0%         N/A       100%        4
 Passage of Golubria      Tloc           N/A        N/A       100%        4
 Sticky Flame             Conj/Fire      0%         2d3       100%        4
 Summon Ice Beast         Ice/Summ       0%         N/A       100%        4
 Summon Lightning Spire   Summ/Air       0%         N/A       100%        4
 Bolt of Magma            Conj/Fire/Erth 0%         4d4       100%        5
 Fireball                 Conj/Fire      0%         3d3       100%        5
 Freezing Cloud           Conj/Ice/Air   0%         6-21      100%        5
 Lightning Bolt           Conj/Air       0%         1d11      100%        5
 Manifold Assault         Tloc           0%         N/A       100%        5
 Summon Forest            Summ/Tloc      0%         N/A       100%        5
 Yara's Violent Unravell  Hex/Tmut       0%         3d3       100%        5
 Conjure Ball Lightning   Conj/Air       0%         3x3d6     100%        6
 Dispersal                Tloc           0%         N/A       100%        6
 Eringya's Noxious Bog    Tmut/Pois      0%         N/A       100%        6
 Starburst                Conj/Fire      0%         8x6d3     100%        6
 Statue Form              Tmut/Erth      0%         N/A       100%        6
 Dragon Form              Tmut           0%         N/A       100%        7
 Haunt                    Necr/Summ      0%         N/A       100%        7
 Malign Gateway           Summ/Tloc      0%         N/A       100%        7
 Orb of Destruction       Conj           0%         N/A       100%        7
 Spellforged Servitor     Conj/Summ      0%         N/A       100%        7
 Summon Hydra             Summ           0%         N/A       100%        7
 Discord                  Hex            0%         N/A       100%        8
 Disjunction              Tloc           0%         N/A       100%        8
 Ignition                 Fire           0%         3d3       100%        8
 Infestation              Necr           0%         N/A       100%        8
 Summon Horrible Things   Summ           0%         N/A       100%        8
 Chain Lightning          Conj/Air       0%         N/A       100%        9
 Dragon's Call            Summ           0%         N/A       100%        9
 Shatter                  Erth           0%         3d5*      100%        9


Dungeon Overview and Level Annotations

Branches:
Dungeon (15/15)            Temple (1/1) D:5            Lair (6/6) D:10
 Shoals (4/4) Lair:2       Spider (4/4) Lair:2        Slime (0/5) Lair:5
    Orc (2/2) D:10            Elf (3/3) Orc:2        Vaults (5/5) D:14
  Crypt (0/3) Vaults:2     Depths (5/5) D:15           Hell (visited)
    Zot (5/5) Depths:5     Bailey (visited)          WizLab (visited)
    Dis: Hell:1         Geh: Hell:1         Coc: Hell:1         Tar: Hell:1

Altars:
Ashenzari
Dithmenos
Elyvilon
Fedhas
Gozag
Hepliaklqana
Kikubaaqudgha
Makhleb
Okawaru
Ru
Sif Muna
Trog
Uskayaw
Vehumet
Wu Jian
Xom
Yredelemnul
Zin
The Shining One
Lugonu

Shops:
D:2 !   D:4 (   D:5 =   D:8 (*[   D:10 ((   Orc:1 [(   Orc:2 **((:(   Elf:1 [
Elf:2 =:   Shoals:2 (   Shoals:3 (   Vaults:1 ([*   Vaults:3 (   Depths:5 =:=

Portals:
Hell: Depths:1 Depths:2 Depths:3 Depths:4 Depths:5
Abyss: Lair:6 Depths:4
Pandemonium: Depths:2 Depths:3
Ziggurat: Depths:3

Annotations:
Elf:3 1 exclusion
Zot:5 1 runed translucent door, stpyramids's ghost, legendary DDFi


Innate Abilities, Weirdness & Mutations

((You are quick and stealthy near water. (Stealth+, EV+, Speed+++)))
Your lower body shifts to a powerful aquatic tail in water.
You are agile. (Dex +2)
Your flesh is heat resistant. (rF+)
You are somewhat resistant to further mutation.
You sometimes lose the ability to read scrolls when taking damage.


Message History

You climb upwards.
There is a stone staircase leading down, spattered with blood here.
You see here a +0 giant club.
You have identified the last magical staff.
There is a stone staircase leading up here.
You climb upwards.
There is a stone staircase leading down here.
Aiming: Dig
Press: ? - help, Shift-Dir - straight line This square is covered in magical glow.
The rock shatters into small pieces.
There is a stone staircase leading up here.
You climb upwards.
There is a stone staircase leading down here.
A shadow demon comes into view.
The shadow demon gives a loud, deep croak!
There is a stone staircase leading up here.
You climb upwards.
There is a stone staircase leading down here.
A green death comes into view.
You rampage towards the green death!
You rampage towards the green death!
You impale the green death!!
The green death is heavily wounded.
You impale the green death!!
The green death is almost dead.
The green death completely misses you.
You impale the green death!!
You kill the green death!
Okawaru accepts your kill.
You see here a +0 ring mail.
There is a stone staircase leading up here.
You climb upwards.
There is a stone staircase leading down here.
A rust devil comes into view.
There is a stone staircase leading up here.
You climb upwards.
There is a stone staircase leading down here.
There is a large open door here.
There is a staircase leading out of the dungeon here.
You have escaped!

#.# ######.#
#......# #♣..####
♣....# ♣.##.#
♣..#.# ######.#.#
#@...#.#.#
#..8.'.#.#
#..8.'.#.#
#....#.#.# #####
######...#####....
♣♣......).....
#♣..#######....
#.### #.... #.#
#....


There were no monsters in sight!

Vanquished Creatures
  A pandemonium lord (D:12)
  3 dread liches
  12 ancient liches
  2 orbs of fire (Zot:5)
  Mennas (Depths:3)
  3 juggernauts
  Boris (4 times) (Vaults:2 Depths:2 Vaults:5 Zot:1)
  Margery (Depths:4)
  Frederick (Depths:4)
  5 Killer Klowns (Zot:5)
  3 curse toes
  4 caustic shrikes (Depths:5)
  Geryon (Hell)
  5 golden dragons
  Nikola (Elf:1)
  Jory (Depths:4)
  Arachne (Spider:2)
  3 electric golems
  17 tentacled monstrosities
  A lich (Vaults:5)
  28 Orb Guardians
  5 titans
  Asterion (Spider:2)
  3 quicksilver dragons
  3 tentacled starspawn
  7 acid blobs (Zot:3)
  6 death cobs
  7 sphinxes
  An eldritch tentacle (WizLab)
  Kirke (D:15)
  2 krakens (Shoals:2)
  11 tengu reavers
  13 shadow dragons
  Polyphemus (Shoals:3)
  5 draconian monks
  16 storm dragons
  12 fire giants
  Donald (Shoals:1)
  Roxanne (Spider:3)
  14 frost giants
  An orc warlord (Vaults:4)
  5 draconian scorchers
  5 emperor scorpions
  14 ghost moths
  Louise (Shoals:1)
  4 spectral caustic shrikes (Depths:2)
  9 draconian knights
  25 vault wardens
  6 draconian annihilators
  7 draconian stormcallers
  An iron dragon (Vaults:5)
  6 draconian shifters
  2 reapers (Hell)
  19 ironbound preservers
  6 spriggan defenders
  30 very ugly things
  A war gargoyle (Vaults:5)
  4 vampire knights
  6 green draconians
  22 stone giants
  5 deep elf demonologists
  10 red draconians
  5 entropy weavers
  Azrael (Spider:2)
  10 black draconians
  17 yellow draconians
  A lorocyproca (Hell)
  12 spark wasps
  2 eidola
  7 dire elephants
  13 purple draconians
  The ghost of Sadonosm the Carver, a journeyman DgSk (Lair:3)
  11 white draconians
  10 ettins
  A blizzard demon (Abyss:1)
  3 merfolk javelineers
  A green death (D:3)
  6 jiangshi
  Josephine (D:13)
  11 fire dragons
  19 yaktaur captains
  9 merfolk impalers
  4 great orbs of eyes
  5 deep elf high priests
  A monstrous demonspawn (Depths:2)
  7 boulder beetles
  A peacekeeper (Vaults:3)
  10 hydras
  39 vault guards
  11 ice dragons
  An ogre mage (Vaults:5)
  8 rakshasas
  7 spriggan air magi
  9 ironbound thunderhulks
  2 merfolk avatars (Shoals:4)
  A catoblepas (Shoals:2)
  A hydra (shapeshifter) (Depths:2)
  An alligator snapping turtle (Shoals:3)
  4 merfolk aquamancers
  19 centaur warriors
  11 ironbound frosthearts
  3 two-headed ogres
  24 dancing weapons
  2 death knights (Vaults:2)
  8 deep troll shamans
  10 death yaks
  5 tengu warriors
  9 ironbound beastmasters
  5 orc high priests
  11 vampire magi
  6 deep troll earth magi
  3 thrashing horrors
  7 spriggan berserkers
  23 hell knights
  11 deep elf knights
  A sun demon (WizLab)
  5 iron trolls
  A soul eater (Hell)
  2 skeletal warriors
  A shadow wraith (D:14)
  The ghost of tilp the Prestidigitator, a novice FoDe of Uskayaw (D:6)
  A glowing orange brain (Depths:4)
  14 large abominations
  62 deep trolls
  A glowing orange brain (shapeshifter) (Vaults:5)
  7 sea snakes
  3 deep elf archers
  A kraken simulacrum (Shoals:4)
  An obsidian statue (WizLab)
  4 flayed ghosts
  10 phantasmal warriors
  6 lindwurms
  2 tengu zombies (Depths:3)
  9 necromancers
  17 wizards
  A golden dragon skeleton (Vaults:3)
  A sphinx zombie (Vaults:1)
  9 orc knights
  21 ironbound convokers
  71 ugly things
  4 oklob plants
  31 deep elf pyromancers
  21 deep elf zephyrmancers
  16 harpies
  29 wolf spiders
  7 orc sorcerers
  3 fire giant zombies (Depths:4)
  4 frost giant zombies (Depths:4)
  24 orb spiders
  A salamander (Depths:5)
  6 cyclopes
  A faun (shapeshifter) (Elf:1)
  A moth of wrath (shapeshifter) (Vaults:5)
  19 moths of wrath
  13 elephants
  5 merfolk sirens
  An iron dragon skeleton (Hell)
  16 manticores
  A worldbinder (WizLab)
  23 vault sentinels
  6 torpor snails
  6 water nymphs
  3 guardian serpents (WizLab)
  An apocalypse crab (Abyss:2)
  A water nymph (shapeshifter) (Vaults:5)
  3 black mambas
  An orange demon (WizLab)
  2 smoke demons (Lair:6)
  7 cane toads
  A rime drake (shapeshifter) (D:13)
  A shock serpent skeleton (Hell)
  Psyche (D:9)
  42 yaktaurs
  7 unseen horrors
  A yaktaur (shapeshifter) (Lair:6)
  2 hellions
  10 komodo dragons
  4 tengu conjurers
  6 ancient zymes
  2 rime drakes
  An efreet (D:13)
  3 ice devils
  A spriggan zombie (Depths:3)
  17 demonic crawlers
  11 meliai
  2 queen bees
  3 polar bears
  45 merfolk
  A hydra skeleton (Hell)
  A red devil (Hell)
  30 jumping spiders
  13 snapping turtles
  5 trolls
  A tyrant leech (shapeshifter) (Vaults:5)
  Grinder (D:5)
  10 wind drakes
  17 hornets
  45 slime creatures
  A fire giant simulacrum (Vaults:1)
  6 raiju
  A slime creature (shapeshifter) (Vaults:1)
  11 dream sheep
  25 blink frogs
  An ettin zombie (Vaults:3)
  90 redbacks
  A vampire (D:12)
  A spriggan (shapeshifter) (Depths:4)
  6 flying skulls
  4 ynoxinuls
  30 tarantellas
  A redback (shapeshifter) (Vaults:5)
  5 spriggans
  An ettin skeleton (Vaults:3)
  2 shadows
  4 air elementals
  A spriggan simulacrum (Depths:3)
  A steam dragon (shapeshifter) (D:13)
  7 wraiths
  10 basilisks
  21 water elementals
  2 hogs (D:15)
  5 wyverns
  45 yaks
  8 fire elementals
  2 vampire mosquitoes (D:8)
  10 fire bats
  3 neqoxecs
  A steam dragon (D:7)
  6 chaos spawn
  Menkaure (D:7)
  3 spatial vortices (WizLab)
  A human simulacrum (Vaults:1)
  A two-headed ogre zombie (D:10)
  3 acid dragons
  21 small abominations
  9 hell hounds
  An infernal demonspawn skeleton (WizLab)
  17 water moccasins
  A floating eye (Depths:4)
  2 ice beasts
  An ogre skeleton (Vaults:3)
  13 orc warriors
  A sky beast (D:8)
  10 black bears
  A meliai simulacrum (D:14)
  A sky beast (shapeshifter) (Lair:6)
  2 necrophages (D:5)
  A tengu (shapeshifter) (Elf:3)
  6 ogres
  7 centaurs
  A snapping turtle skeleton (Hell)
  2 human skeletons
  43 wolves
  3 phantoms
  Blork the orc (D:6)
  A kobold brigand (D:7)
  15 bullfrogs
  2 earth elementals
  8 gnoll sergeants (Bailey)
  5 scorpions
  A water moccasin zombie (D:7)
  A wyvern skeleton (D:7)
  2 troll zombies (D:10)
  29 killer bees
  11 wights
  2 electric eels
  10 howler monkeys
  7 centaur zombies
  2 starcursed masses (Abyss:2)
  4 hounds
  A bullfrog zombie (D:5)
  6 gnoll shamans (Bailey)
  10 orc priests
  25 jellies
  A quasit (WizLab)
  Crazy Yiuf (D:5)
  A bullfrog skeleton (D:7)
  A centaur skeleton (D:7)
  3 iguanas
  Terence (D:3)
  9 orc wizards
  A statue (D:12)
  5 ogre zombies (D:10)
  A hound skeleton (D:5)
  3 howler monkey zombies
  16 gnolls
  A howler monkey skeleton (D:4)
  7 adders
  4 white imps
  An ufetubus (D:4)
  An adder skeleton (D:4)
  43 orcs
  7 ball pythons
  2 bats
  7 endoplasms
  2 giant cockroaches (D:3)
  8 hobgoblins
  2 jackals (D:1)
  12 kobolds
  2 quokkas
  4 frilled lizards
  11 goblins
  A goblin skeleton (D:10)
  A goblin zombie (D:10)
  2 hobgoblin skeletons (D:10)
  A hobgoblin zombie (D:10)
  A kobold (shapeshifter) (Vaults:5)
  4 orc skeletons
  17 orc zombies (D:10)
  3 rats
  A spectral goblin (D:9)
  A starspawn tentacle (WizLab)
  5 tentacles (Shoals:2)
2400 creatures vanquished.

Vanquished Creatures (collateral kills)
  A deep troll earth mage (Vaults:5)
1 creature vanquished.

Vanquished Creatures (others)
  A vampire knight (Depths:2)
  An orb spider (Spider:4)
  A deep elf zephyrmancer (Elf:1)
  A tarantella (Spider:2)
  An orc wizard (Orc:2)
  An orc (Orc:1)
  48 fungi
  104 plants
  8 starspawn tentacles
  26 tentacles
  2 withered plants (Lair:3)
194 creatures vanquished.

Grand Total: 2595 creatures vanquished

Notes
Turn   | Place    | Note
-------+----------+-------------------------------------------
     0 | D:1      | inmateoo the Merfolk Gladiator began the quest for the Orb.
     0 | D:1      | Reached XP level 1. HP: 16/16 MP: 1/1
   138 | D:1      | Reached XP level 2. HP: 14/23 MP: 2/2
   307 | D:1      | Reached skill level 5 in Polearms
   718 | D:2      | Reached XP level 3. HP: 15/28 MP: 3/3
  1114 | D:2      | Found Acuudut's Distillery.
  1158 | D:2      | Bought a potion of heal wounds for 65 gold pieces
  1271 | D:2      | Identified a scroll of acquirement
  1273 | D:2      | Acquired the ring "Gonko" {rCorr SInv Stlth+}
  1300 | D:3      | Acquired 799 gold pieces
  1332 | D:3      | Noticed Terence
  1339 | D:3      | Noticed a black bear
  1340 | D:3      | Killed Terence
  1341 | D:3      | Reached skill level 3 in Fighting
  1341 | D:3      | Reached XP level 4. HP: 28/35 MP: 4/4
  1411 | D:3      | Killed a black bear
  1412 | D:3      | Reached skill level 5 in Dodging
  1412 | D:3      | Reached XP level 5. HP: 10/41 MP: 5/5
  1703 | D:3      | Found a shimmering altar of Xom.
  2475 | D:4      | Reached XP level 6. HP: 48/48 MP: 6/6
  2532 | D:4      | Found Huin Uru's Weapon Boutique.
  2588 | D:4      | Noticed a black bear
  2622 | D:4      | Killed a black bear
  2623 | D:4      | Reached skill level 4 in Fighting
  3324 | D:5      | Entered Level 5 of the Dungeon
  3324 | D:5      | Noticed a necrophage
  3332 | D:5      | Killed a necrophage
  3333 | D:5      | Reached XP level 7. HP: 55/55 MP: 7/7
  3421 | D:5      | Noticed a wyvern
  3440 | D:5      | Killed a wyvern
  3446 | D:5      | Reached skill level 5 in Fighting
  3650 | D:5      | Reached XP level 8. HP: 62/62 MP: 8/8
  3677 | D:5      | Reached skill level 10 in Polearms
  3757 | D:5      | Found a staircase to the Ecumenical Temple.
  3808 | Temple   | Entered the Ecumenical Temple
  3907 | Temple   | Became a worshipper of Warmaster Okawaru
  4153 | D:5      | Found Litotwy's Jewellery Shoppe.
  4162 | D:5      | Bought an amulet of regeneration for 360 gold pieces
  4208 | D:5      | Found a runed translucent door.
  4209 | D:5      | Noticed Crazy Yiuf
  4583 | D:5      | Killed Crazy Yiuf
  4643 | D:6      | Reached * piety under Okawaru
  4644 | D:6      | Reached skill level 6 in Fighting
  4665 | D:6      | Noticed Grinder
  4689 | D:5      | Paralysed by Grinder for 6 turns
  4705 | D:5      | Paralysed by Grinder for 5 turns
  4720 | D:5      | Killed Grinder
  4754 | D:6      | Reached XP level 9. HP: 71/71 MP: 9/9
  4811 | D:6      | Identified the ring of Mutualism {*Corrode rN+ Int+2 Dex+2}
  4924 | D:6      | Noticed a hornet
  4929 | D:6      | Noticed tilp's ghost (novice FoDe)
  4937 | D:6      | Found a transporter.
  4940 | D:6      | Noticed a queen bee
  4942 | D:6      | Found a transporter.
  5000 | D:6      | Noticed Blork the orc
  5011 | D:6      | Killed Blork the orc
  5027 | D:6      | Reached skill level 7 in Fighting
  5099 | D:6      | Reached ** piety under Okawaru
  5291 | D:6      | Got the Incunabulum of the Glacier
  5588 | D:2      | Bought 2 potions of curing for 78 gold pieces
  5588 | D:2      | Bought a potion of curing for 39 gold pieces
  5588 | D:2      | Bought a potion of haste for 130 gold pieces
  5588 | D:2      | Bought a potion of mutation for 104 gold pieces
  5588 | D:2      | Bought 2 potions of cancellation for 208 gold pieces
  5588 | D:2      | Bought a potion of attraction for 39 gold pieces
  5835 | D:7      | Identified the +2 rapier of Olidue {vorpal, Int+2}
  5866 | D:7      | Found a flagged portal.
  5911 | Bailey   | Entered a bailey
  5919 | Bailey   | Reached skill level 8 in Fighting
  6144 | Bailey   | Reached *** piety under Okawaru
  6162 | Bailey   | Reached XP level 10. HP: 80/80 MP: 10/10
  6284 | Bailey   | Reached skill level 15 in Polearms
  6592 | D:7      | Noticed Menkaure
  6606 | D:7      | Killed Menkaure
  6682 | D:7      | Found a transporter.
  6684 | D:7      | Found a shimmering blue altar of Sif Muna.
  6686 | D:7      | Found a transporter.
  6714 | D:7      | Noticed a two-headed ogre
  6739 | D:7      | Reached skill level 1 in Shields
  7076 | D:8      | Noticed a purple ugly thing
  7084 | D:8      | Reached skill level 1 in Armour
  7102 | D:8      | Killed a purple ugly thing
  7102 | D:8      | Reached **** piety under Okawaru
  7336 | D:8      | Received a gift from Okawaru
  7337 | D:8      | Reached skill level 9 in Fighting
  7433 | D:8      | Found Okhlot's Armour Emporium.
  7441 | D:8      | Bought a +2 chain mail of willpower for 322 gold pieces
  7532 | D:8      | Found a large runed translucent door.
  7533 | D:8      | Found a large runed translucent door.
  7655 | D:8      | Found Xuucuwk's Weapon Shoppe.
  7856 | D:8      | Found Foloulet's Assorted Antiques.
  8016 | D:8      | Found a shadowy altar of Dithmenos.
  8019 | D:8      | Found a broken altar of Ashenzari.
  8190 | D:9      | Found a hazy altar of Hepliaklqana.
  8322 | D:9      | Noticed a two-headed ogre
  8322 | D:9      | Noticed Psyche
  8331 | D:9      | Killed a two-headed ogre
  8332 | D:9      | Reached XP level 11. HP: 81/89 MP: 11/11
  8338 | D:9      | Killed Psyche
  9072 | D:10     | Entered Level 10 of the Dungeon
  9096 | D:10     | Reached ***** piety under Okawaru
  9168 | D:10     | Reached skill level 10 in Dodging
  9173 | D:10     | Identified the +0 pair of boots "Etot" {Int+4} (Okawaru
                  | gifted it to you on level 10 of the Dungeon)
  9173 | D:10     | Received a gift from Okawaru
  9174 | D:10     | Reached skill level 10 in Fighting
  9263 | D:10     | Found a staircase to the Lair.
  9461 | D:10     | Found Tiafemim's Weapon Emporium.
  9627 | D:10     | Found a staircase to the Orcish Mines.
  9803 | D:10     | Reached skill level 5 in Armour
  9906 | D:10     | Found Zaophar's Firing Range.
 10099 | D:11     | Reached skill level 1 in Invocations
 10176 | D:11     | Noticed a manticore
 10195 | D:11     | Killed a manticore
 10218 | D:11     | Noticed a cyclops
 10226 | D:11     | Killed a cyclops
 10237 | D:11     | Noticed a deep elf pyromancer
 10238 | D:11     | Noticed a centaur warrior
 10240 | D:11     | Noticed a skeletal warrior
 10241 | D:11     | Noticed a centaur warrior
 10254 | D:11     | Killed a centaur warrior
 10255 | D:11     | Reached XP level 12. HP: 54/97 MP: 13/13
 10262 | D:11     | Killed a centaur warrior
 10470 | D:11     | Noticed a tengu reaver
 10492 | D:11     | Killed a tengu reaver
 10492 | D:11     | Received a gift from Okawaru
 10493 | D:11     | Reached skill level 5 in Shields
 11349 | D:12     | Found a radiant altar of Vehumet.
 11689 | D:13     | Noticed a boulder beetle
 11704 | D:13     | Killed a boulder beetle
 11880 | D:13     | Reached skill level 11 in Fighting
 11961 | D:13     | Reached XP level 13. HP: 96/106 MP: 16/16
 12099 | D:13     | Reached skill level 5 in Invocations
 12207 | D:13     | Received a gift from Okawaru
 12258 | D:13     | Reached ****** piety under Okawaru
 12753 | D:13     | Noticed Josephine
 12771 | D:13     | Killed Josephine
 14061 | D:14     | Noticed an ettin
 14061 | D:14     | Noticed an ice dragon
 14069 | D:14     | Killed an ice dragon
 14070 | D:14     | Reached skill level 1 in Evocations
 14084 | D:14     | Killed an ettin
 14140 | D:14     | Found a gate to the Vaults.
 14265 | D:15     | Entered Level 15 of the Dungeon
 14356 | D:15     | Found a staircase to the Depths.
 14357 | D:15     | Noticed a fire giant
 14685 | Lair:1   | Entered Level 1 of the Lair of Beasts
 14841 | Lair:1   | Reached XP level 14. HP: 94/114 MP: 19/19
 15466 | Lair:1   | Received a gift from Okawaru
 15467 | Lair:1   | Reached skill level 12 in Fighting
 15972 | Lair:2   | Found a staircase to the Shoals.
 16110 | Lair:2   | Found a hole to the Spider Nest.
 16779 | Lair:3   | Found a runed translucent door.
 16779 | Lair:3   | Noticed Sadonosm's ghost (journeyman DgSk)
 17586 | Lair:4   | Received a gift from Okawaru
 18195 | Lair:4   | Reached skill level 5 in Evocations
 18789 | Lair:5   | Reached XP level 15. HP: 120/120 MP: 21/21
 19083 | Lair:5   | Found a staircase to the Slime Pits.
 19326 | Lair:6   | Entered Level 6 of the Lair of Beasts
 19497 | Lair:6   | Received a gift from Okawaru
 19976 | Lair:6   | Identified the +4 glaive "Qerry" {drain, Will+ rCorr}
                  | (Okawaru gifted it to you on level 6 of the Lair of Beasts)
 19976 | Lair:6   | Received a gift from Okawaru
 20690 | Lair:6   | Reached skill level 15 in Dodging
 20722 | Lair:6   | Cast into level 1 of the Abyss (spriggan)
 20871 | Lair:6   | Escaped the Abyss
 21133 | Lair:6   | Found a corrupted altar of Lugonu.
 21133 | Lair:6   | Found a one-way gate to the infinite horrors of the Abyss.
 21230 | Lair:6   | Acquired a manual of Fighting
 21450 | Orc:1    | Entered Level 1 of the Orcish Mines
 21456 | Orc:1    | Received a gift from Okawaru
 21475 | Orc:1    | Found Nyoschik's Armour Shoppe.
 21688 | D:8      | Bought a scroll of enchant armour for 210 gold pieces
 21937 | Orc:2    | Entered Level 2 of the Orcish Mines
 22276 | Orc:2    | Found a staircase to the Elven Halls.
 22321 | Orc:2    | Found Vaothrut's Specific Store.
 22324 | Orc:2    | Found Guucvyh's General Store.
 22328 | Orc:2    | Bought a potion of haste for 140 gold pieces
 22418 | Orc:2    | Received a gift from Okawaru
 22434 | Orc:2    | Received a gift from Okawaru
 22435 | Orc:2    | Reached skill level 13 in Fighting
 22435 | Orc:2    | Reached XP level 16. HP: 60/130 MP: 22/22
 22496 | Orc:2    | Found Qeojag's Book Boutique.
 22496 | Orc:2    | Found Facyr's Antique Weapon Emporium.
 22498 | Orc:2    | Found Keil's Antique Weapon Boutique.
 22498 | Orc:2    | Found Soebbirgh's Weapon Emporium.
 22817 | Shoals:1 | Entered Level 1 of the Shoals
 23065 | Orc:1    | Found Jyhannot's Antique Weapon Shoppe.
 23506 | Shoals:1 | Noticed Donald
 23519 | Shoals:1 | Killed Donald
 23653 | Shoals:1 | HP: 5/131 [merfolk javelineer/silver javelin (2)]
 24117 | Shoals:1 | Noticed Louise
 24141 | Shoals:1 | Cast into level 2 of the Abyss (Louise)
 24147 | Abyss:2  | Found a corrupted altar of Lugonu.
 24297 | Abyss:2  | Reached skill level 14 in Fighting
 24436 | Abyss:2  | Noticed a tentacled starspawn
 24478 | Abyss:2  | Killed a tentacled starspawn
 24479 | Abyss:2  | Reached skill level 10 in Evocations
 24594 | Abyss:2  | Reached skill level 15 in Fighting
 24594 | Abyss:2  | Gained mutation: You are weak. (Str -2) [a neqoxec]
 24623 | Abyss:2  | Paralysed by accursed screaming for 2 turns
 24640 | Shoals:1 | Escaped the Abyss
 24668 | Shoals:1 | Killed Louise
 24963 | Shoals:1 | Reached skill level 16 in Fighting
 25605 | Shoals:2 | Found Menoge's Antique Weapon Shop.
 26036 | Shoals:2 | Noticed a kraken
 26077 | Shoals:2 | Killed a kraken
 26077 | Shoals:2 | Identified the +1 helmet of Context {rElec rC+ Slay+4}
                  | (Okawaru gifted it to you on level 2 of the Shoals)
 26077 | Shoals:2 | Received a gift from Okawaru
 26078 | Shoals:2 | Reached skill level 17 in Fighting
 26127 | Shoals:2 | Noticed a kraken
 26144 | Shoals:2 | Killed a kraken
 26273 | Shoals:3 | Noticed Polyphemus
 26401 | Shoals:3 | Killed Polyphemus
 26402 | Shoals:3 | Reached skill level 18 in Fighting
 26846 | Shoals:3 | Found Hogro's Antique Weapon Boutique.
 26921 | Shoals:3 | Reached XP level 17. HP: 149/149 MP: 23/23
 27453 | Shoals:4 | Entered Level 4 of the Shoals
 28030 | Shoals:3 | Received a gift from Okawaru
 28988 | Shoals:4 | Found the +4 moon troll leather armour {Spirit, Regen++
                  | MP+5}
 29051 | Shoals:4 | Received a gift from Okawaru
 29194 | Shoals:4 | Got a barnacled rune of Zot
 29605 | Shoals:4 | Identified the amulet of the Empty Page {Acrobat rCorr
                  | Int+5 Slay+2}
 29965 | Spider:1 | Entered Level 1 of the Spider Nest
 30836 | Spider:2 | Noticed Azrael
 30887 | Spider:2 | Reached XP level 18. HP: 153/158 MP: 24/24
 31031 | Spider:2 | Noticed Asterion
 31051 | Spider:2 | Killed Asterion
 31056 | Spider:2 | Reached skill level 10 in Shields
 31450 | Spider:2 | Received a gift from Okawaru
 31491 | Spider:2 | Killed Azrael
 31704 | Spider:2 | Noticed Arachne
 31729 | Spider:2 | Killed Arachne
 31730 | Spider:2 | Reached skill level 19 in Fighting
 32317 | Spider:3 | Noticed Roxanne
 32425 | Spider:3 | Identified the +11 trident of the Wizarding Enemy {vorpal,
                  | rC+ Will+ Int-4 SInv} (Okawaru gifted it to you on level 3
                  | of the Spider Nest)
 32425 | Spider:3 | Received a gift from Okawaru
 32550 | Spider:3 | Reached skill level 10 in Armour
 32802 | Spider:3 | Got the Compendium of Blistering Weightlessness
 33412 | Spider:4 | Entered Level 4 of the Spider Nest
 33809 | Spider:4 | Received a gift from Okawaru
 34258 | Spider:4 | Reached skill level 20 in Fighting
 34274 | Spider:4 | Reached XP level 19. HP: 169/169 MP: 25/25
 35125 | Spider:4 | Received a gift from Okawaru
 35322 | Spider:4 | Got a gossamer rune of Zot
 35821 | D:5      | Bought a ring of willpower for 300 gold pieces
 36074 | Vaults:1 | Entered Level 1 of the Vaults
 36077 | Vaults:1 | Found Tytagofoo's Weapon Shop.
 36729 | Vaults:1 | Found Voad's Assorted Antiques.
 36758 | Vaults:1 | Bought a scroll of enchant weapon for 210 gold pieces
 36758 | Vaults:1 | Bought a scroll of teleportation for 84 gold pieces
 36758 | Vaults:1 | Bought a scroll of identify for 56 gold pieces
 36758 | Vaults:1 | Bought a scroll of identify for 56 gold pieces
 36893 | Vaults:1 | Found Nusmaih's Antique Armour Shoppe.
 36984 | Vaults:1 | Identified the +4 short sword of the Dancing Augurer
                  | {flame, rF+} (Okawaru gifted it to you on level 1 of the
                  | Vaults)
 36984 | Vaults:1 | Received a gift from Okawaru
 38679 | D:6      | Paralysed by a hornet for 3 turns
 38706 | D:6      | Killed tilp's ghost
 38810 | D:7      | Reached XP level 20. HP: 170/177 MP: 26/26
 39192 | Lair:3   | Killed Sadonosm's ghost
 39321 | Spider:3 | Killed Roxanne
 39610 | Elf:1    | Entered Level 1 of the Elven Halls
 39632 | Elf:1    | Found a radiant altar of Vehumet.
 39706 | Elf:1    | Found Veawkiss's Antique Armour Boutique.
 39752 | Elf:1    | Received a gift from Okawaru
 40016 | Elf:1    | Noticed Nikola
 40112 | Elf:1    | Killed Nikola
 40185 | Elf:1    | Noticed a Tzitzimitl
 40286 | Elf:1    | Acquired 642 gold pieces
 40322 | Elf:1    | Got Fysman's Papyrus of Calling
 41024 | Elf:2    | Found Noeptif's Book Shoppe.
 41179 | Elf:2    | Received a gift from Okawaru
 41180 | Elf:2    | Paralysed by an air elemental for 1 turns
 41188 | Elf:2    | Paralysed by an air elemental for 1 turns
 41334 | Elf:2    | Found Kaydwu's Jewellery Emporium.
 41480 | Elf:2    | Found a runed translucent gate.
 41480 | Elf:2    | Found a runed translucent gate.
 41480 | Elf:2    | Found a runed translucent gate.
 41993 | Elf:2    | Received a gift from Okawaru
 42219 | Elf:3    | Entered Level 3 of the Elven Halls
 42385 | Elf:3    | Identified the +1 tower shield "Yhonyofy" {+Inv Str+4
                  | Int+3} (Okawaru gifted it to you on level 3 of the Elven
                  | Halls)
 42385 | Elf:3    | Received a gift from Okawaru
 43481 | Vaults:2 | Noticed Boris
 43516 | Vaults:2 | Killed Boris
 43665 | Vaults:2 | Reached XP level 21. HP: 139/185 MP: 27/27
 43871 | Vaults:2 | Reached skill level 21 in Fighting
 44414 | Vaults:2 | Received a gift from Okawaru
 44544 | Vaults:2 | Found a staircase to the Crypt.
 44966 | Vaults:3 | Found Paryhya's Weapon Shoppe.
 45121 | Vaults:3 | Found a magical portal.
 45148 | WizLab   | Entered The Roulette of Golubria
 45148 | WizLab   | Found a transporter.
 45151 | WizLab   | Found a corrupted altar of Lugonu.
 45163 | WizLab   | Found a corrupted altar of Lugonu.
 45181 | WizLab   | Found a transporter.
 45259 | WizLab   | Found a transporter.
 45315 | WizLab   | Found a transporter.
 45389 | WizLab   | Found a transporter.
 45407 | WizLab   | Found a transporter.
 45425 | WizLab   | Found a transporter.
 45525 | WizLab   | Found a transporter.
 45576 | WizLab   | Found a transporter.
 45629 | WizLab   | Found a transporter.
 45678 | WizLab   | Found a transporter.
 45678 | WizLab   | Found a transporter.
 45722 | WizLab   | Found a transporter.
 45786 | WizLab   | Found a transporter.
 45857 | WizLab   | Found a transporter.
 45857 | WizLab   | Found a transporter.
 45893 | WizLab   | Got Golubria's Almanac of the Traveller
 45904 | WizLab   | Found a transporter.
 45904 | WizLab   | Found a transporter.
 45936 | WizLab   | Found a transporter.
 45936 | WizLab   | Found a transporter.
 46174 | Vaults:3 | Identified the +8 trident "Ilacuo" {venom, rF- rC+++
                  | Will+++ rCorr} (Okawaru gifted it to you on level 3 of the
                  | Vaults)
 46174 | Vaults:3 | Received a gift from Okawaru
 46491 | Vaults:3 | Reached XP level 22. HP: 158/194 MP: 28/28
 46543 | Vaults:3 | Received a gift from Okawaru
 47620 | Vaults:4 | Received a gift from Okawaru
 48099 | Vaults:4 | Received a gift from Okawaru
 48853 | Vaults:4 | Reached XP level 23. HP: 195/202 MP: 29/29
 49567 | D:15     | Reached skill level 22 in Fighting
 49835 | D:15     | Noticed Kirke
 49846 | D:15     | Killed Kirke
 50184 | Depths:1 | Entered Level 1 of the Depths
 50427 | Depths:1 | Found a gateway to Hell.
 50504 | Depths:1 | Found a white marble altar of Elyvilon.
 51047 | Depths:2 | Noticed Boris
 51079 | Depths:2 | Killed Boris
 51079 | Depths:2 | Received a gift from Okawaru
 51080 | Depths:2 | Reached skill level 15 in Evocations
 51080 | Depths:2 | Found the +2 hood of the Assassin {Detection Stab+ Stlth++}
 51243 | Depths:2 | Acquired 583 gold pieces
 51857 | Depths:2 | Found a sacrificial altar of Ru.
 51987 | Depths:2 | Found a one-way gate leading to the halls of Pandemonium.
 52014 | Depths:2 | Lost mutation: You are weak. (Str -2) [potion of mutation]
 52014 | Depths:2 | Gained mutation: Potions are less effective at restoring
                  | your health. [potion of mutation]
 52014 | Depths:2 | Gained mutation: You are agile. (Dex +2) [potion of
                  | mutation]
 52014 | Depths:2 | Gained mutation: You are weak. (Str -2) [potion of
                  | mutation]
 52015 | Depths:2 | Lost mutation: You are weak. (Str -2) [potion of mutation]
 52015 | Depths:2 | Lost mutation: Potions are less effective at restoring your
                  | health. [potion of mutation]
 52015 | Depths:2 | Gained mutation: Your flesh is heat resistant. (rF+)
                  | [potion of mutation]
 52015 | Depths:2 | Gained mutation: You are somewhat resistant to further
                  | mutation. [potion of mutation]
 52292 | Depths:3 | Noticed Mennas
 52313 | Depths:3 | Killed Mennas
 52336 | Depths:2 | Identified the +10 quarterstaff "Pymoxas" {vorpal, rF+
                  | Dex+2 SInv Stlth-}
 52505 | Depths:3 | Received a gift from Okawaru
 52750 | Depths:3 | Reached XP level 24. HP: 195/210 MP: 29/29
 53203 | Depths:3 | Noticed a juggernaut
 53422 | Depths:3 | Received a gift from Okawaru
 54166 | Depths:3 | Identified the +8 hand axe "Butwem Tui" {distort, rF++
                  | Dex+2}
 54259 | Depths:3 | Noticed a juggernaut
 54261 | Depths:3 | Killed a juggernaut
 54270 | Depths:3 | Identified the amulet of the Sun {RegenMP Harm}
 54284 | Depths:3 | Received a gift from Okawaru
 54288 | Depths:3 | Killed a juggernaut
 54288 | Depths:3 | Received a gift from Okawaru
 54512 | Depths:3 | Identified the +2 war axe "Muizenwu" {speed, rElec rC+ rN+
                  | Dex+4}
 54583 | Depths:3 | Identified the +2 tower shield of Mysticism {-Cast Will-
                  | Str+10 Stlth+}
 54603 | Depths:3 | Got the Handbook of the Birds and Summoning
 54607 | Depths:3 | Identified the +5 scale mail "Sateofra" {Str+2 Dex+7}
 54651 | Depths:3 | Found a gateway to a ziggurat.
 54654 | Depths:3 | Identified the +10 plate armour of Silly Salvation {rN++
                  | Will- rCorr Dex+4}
 54660 | Depths:3 | Identified the ring of Iloxtoref {rPois rF+ Slay+3}
 55212 | Depths:3 | Reached XP level 25. HP: 213/217 MP: 29/29
 55463 | Depths:4 | Found a basalt altar of Yredelemnul.
 55510 | Depths:4 | Noticed Jory
 55535 | Depths:4 | Killed Jory
 55677 | Depths:4 | Received a gift from Okawaru
 55925 | Depths:4 | Noticed Margery
 55939 | Depths:4 | Killed Margery
 56429 | Depths:4 | Received a gift from Okawaru
 56630 | Depths:5 | Entered Level 5 of the Depths
 56681 | Depths:4 | Reached skill level 23 in Fighting
 56782 | Depths:5 | Noticed Frederick
 57001 | Depths:4 | Killed Frederick
 57103 | Depths:5 | Noticed a juggernaut
 57122 | Depths:4 | Killed a juggernaut
 57281 | Depths:5 | Received a gift from Okawaru
 57355 | Depths:5 | Reached skill level 24 in Fighting
 57623 | Depths:5 | Reached XP level 26. HP: 224/231 MP: 29/29
 57832 | Depths:5 | Found a gate to the Realm of Zot.
 57964 | Depths:5 | Found a hide-covered altar of Uskayaw.
 58143 | Depths:5 | Found Juizaok's Jewellery Shop.
 58143 | Depths:5 | Found Ibuohiru's Book Shoppe.
 58144 | Depths:5 | Found Fageseg's Jewellery Shop.
 58305 | Hell     | Entered the Vestibule of Hell
 58305 | Hell     | Noticed Geryon
 58329 | Depths:4 | Reached XP level 27. HP: 238/238 MP: 27/29
 58396 | Hell     | Killed Geryon
 58831 | Vaults:5 | Entered Level 5 of the Vaults
 59147 | Vaults:5 | Identified the +1 scale mail of Dusmob {Int+2} (Okawaru
                  | gifted it to you on level 5 of the Vaults)
 59147 | Vaults:5 | Received a gift from Okawaru
 59330 | Vaults:5 | Reached skill level 15 in Armour
 59451 | Vaults:5 | Noticed Boris
 59466 | Vaults:5 | Killed Boris
 59632 | Vaults:5 | Identified the amulet "Fewutrei" {Acrobat Will- Regen+
                  | Str+4 SInv}
 59696 | Vaults:5 | Identified the ring "Wukoocha" {Drain rPois rC+ rCorr
                  | Dex+5}
 59780 | Vaults:5 | Identified the +6 short sword of Sinag {vamp, rF++ Str+4}
 59786 | Vaults:5 | Identified the +10 rapier of Bodily Humours {spect, *Rage
                  | Str+3 Int+2}
 60215 | Vaults:5 | Noticed a dread lich
 60221 | Vaults:5 | Identified the +0 plate armour "Pauvot" {Dex+6}
 60264 | Vaults:4 | Killed a dread lich
 60264 | Vaults:4 | Received a gift from Okawaru
 60499 | Vaults:5 | Noticed an ancient lich
 60520 | Vaults:5 | Killed an ancient lich
 60533 | Vaults:5 | Identified the +1 hunting sling "Ruabinul" {vorpal, Drain
                  | Fly rElec rC+++}
 60775 | Vaults:5 | Identified the +1 chain mail "Fihustrud" {Str+3}
 60972 | Vaults:5 | Got a silver rune of Zot
 61236 | Zot:1    | Entered Level 1 of the Realm of Zot
 61600 | Zot:1    | Identified the +1 chain mail "Hul Weu" {rElec Dex-2 SInv}
 61632 | Zot:1    | Reached skill level 25 in Fighting
 61933 | Zot:1    | Received a gift from Okawaru
 62639 | Zot:2    | Received a gift from Okawaru
 63583 | Zot:2    | Received a gift from Okawaru
 66505 | Zot:3    | Received a gift from Okawaru
 66506 | Zot:3    | Found the +2 shield of Resistance {rF++ rC++ Will++}
 66551 | Zot:3    | Reached skill level 26 in Fighting
 67546 | Zot:5    | Entered Level 5 of the Realm of Zot
 67613 | Zot:5    | Found a runed translucent gate.
 67691 | Zot:5    | Found a huge runed gate.
 67691 | Zot:5    | Found a huge runed gate.
 67691 | Zot:5    | Found a huge runed gate.
 67691 | Zot:5    | Found a huge runed gate.
 67691 | Zot:5    | Found a huge runed gate.
 67691 | Zot:5    | Found a huge runed gate.
 67692 | Zot:5    | Found a huge runed gate.
 67693 | Zot:5    | Found a huge runed gate.
 67700 | Zot:5    | Found a huge runed gate.
 67701 | Zot:5    | Found a huge runed gate.
 67702 | Zot:5    | Found a huge runed gate.
 67705 | Zot:5    | Found a huge runed gate.
 67705 | Zot:5    | Found a huge runed gate.
 67705 | Zot:5    | Found a huge runed gate.
 67705 | Zot:5    | Found a huge runed gate.
 67705 | Zot:5    | Found a huge runed gate.
 67705 | Zot:5    | Found a huge runed gate.
 67706 | Zot:5    | Found a huge runed gate.
 67707 | Zot:5    | Found a huge runed gate.
 67708 | Zot:5    | Found a huge runed gate.
 67709 | Zot:5    | Found a huge runed gate.
 67725 | Zot:5    | Found a huge runed gate.
 67725 | Zot:5    | Found a huge runed gate.
 67725 | Zot:5    | Found a huge runed gate.
 67725 | Zot:5    | Found a huge runed gate.
 67725 | Zot:5    | Found a huge runed gate.
 67726 | Zot:5    | Found a huge runed gate.
 67727 | Zot:5    | Found a huge runed gate.
 67783 | Zot:5    | Noticed stpyramids's ghost (legendary DDFi)
 67784 | Zot:5    | Found a runed translucent gate.
 67785 | Zot:5    | Found a runed translucent gate.
 67924 | Zot:5    | Found a huge runed gate.
 67924 | Zot:5    | Found a huge runed gate.
 67924 | Zot:5    | Found a huge runed gate.
 68024 | Zot:5    | Noticed an ancient lich
 68024 | Zot:5    | Noticed a dread lich
 68024 | Zot:5    | Noticed an ancient lich
 68025 | Zot:5    | Noticed an ancient lich
 68079 | Zot:5    | Killed an ancient lich
 68106 | Zot:5    | Killed an ancient lich
 68125 | Zot:5    | Killed a dread lich
 68134 | Zot:5    | Killed an ancient lich
 68179 | Zot:5    | Received a gift from Okawaru
 68455 | Zot:5    | Noticed an ancient lich
 68467 | Zot:5    | Noticed an ancient lich
 68476 | Zot:5    | Killed an ancient lich
 68482 | Zot:5    | Noticed an orb of fire
 68493 | Zot:5    | Killed an orb of fire
 68493 | Zot:5    | Received a gift from Okawaru
 68494 | Zot:5    | Noticed an orb of fire
 68504 | Zot:5    | Gained mutation: You sometimes lose the ability to read
                  | scrolls when taking damage. [an orb of fire]
 68511 | Zot:5    | Killed an orb of fire
 68512 | Zot:5    | Noticed a dread lich
 68516 | Zot:5    | Killed a dread lich
 68524 | Zot:5    | Noticed an ancient lich
 68528 | Zot:5    | Killed an ancient lich
 68537 | Zot:5    | Noticed an ancient lich
 68537 | Zot:5    | Noticed an ancient lich
 68545 | Zot:5    | Killed an ancient lich
 68560 | Zot:5    | Received a gift from Okawaru
 68573 | Zot:5    | Killed an ancient lich
 68584 | Zot:5    | Killed an ancient lich
 68585 | Zot:5    | Noticed an ancient lich
 68588 | Zot:5    | Killed an ancient lich
 68595 | Zot:5    | Noticed an ancient lich
 68601 | Zot:5    | Killed an ancient lich
 68654 | Zot:5    | Received a gift from Okawaru
 68658 | Zot:5    | Noticed an ancient lich
 68667 | Zot:5    | Killed an ancient lich
 68992 | Zot:5    | Identified the +11 spear of Eqanwam {freeze, rF+} (Okawaru
                  | gifted it to you on level 5 of the Realm of Zot)
 68992 | Zot:5    | Received a gift from Okawaru
 69289 | Zot:5    | Got the Orb of Zot
 69318 | Zot:4    | Noticed Aquygy the pandemonium lord
 69362 | Zot:1    | Noticed Boris
 69385 | Zot:1    | Killed Boris
 69568 | D:13     | Noticed Joumotal the pandemonium lord
 69600 | D:12     | Killed Joumotal the pandemonium lord
 69600 | D:12     | Identified the +7 spear of Indomitability {protect, rC-
                  | rCorr Str+7 Int-4} (Okawaru gifted it to you on level 12 of
                  | the Dungeon)
 69600 | D:12     | Received a gift from Okawaru
 69903 | D:$      | Escaped with the Orb!

Illustrated notes

Levels and vault maps discovered:
D:1:      sevenhm_arrival_forest_fort_small_6, layout_basic
D:2:      layout_rooms, serial_shops, shop
D:3:      layout_loops_ring, lemuel_crystal_altar, uniq_terence
D:4:      layout_basic, serial_shops, shop, grunt_ministairs_11
D:5:      minmay_angry_zag, layout_gridville,
          minmay_temple_entry_gardened_gates, serial_shops,
          nicolae_shop_statue_plus, uniq_crazy_yiuf_cottage
D:6:      layout_loops_ring, gammafunk_ghost_hive, uniq_blork_the_orc,
          uniq_grinder
D:7:      layout_rooms, gammafunk_temple_overflow_arena, enter_bailey_4,
          uniq_menkaure
D:8:      layout_basic, jmf_multi_god_temple2, serial_shops,
          nicolae_shop_window_shopping,
          nicolae_shop_temple_entry_statues_fountains, nicolae_take_the_stairs,
          kennysheep_potato
D:9:      layout_basic, nicolae_hepliaklqana_monster_ancestors,
          chequers_serial_rivers_small_a, uniq_psyche
D:10:     layout_loops_ring, due_lair_maze_entry_diamond, zombieorc2_lemuel,
          serial_shops, shop, nicolae_shop_firing_range
D:11:     minmay_bloctagon_deflated, layout_irregular_city,
          kennysheep_just_a_vault
D:12:     layout_roguey, vehumet_statue
D:13:     layout_small_grid, kennysheep_generic_room_6, uniq_josephine
D:14:     layout_stronghold, david_vaults_4, minmay_misc_feat_four_crosses
D:15:     grunt_enter_depths_giant_problem, layout_gridville,
          grunt_decor_arrowhead, special_room [special_room_bee], uniq_kirke
Temple:   minmay_crystal_spiral_temple
Lair:1:   layout_cave_pods
Lair:2:   layout_loops_ring, elwin_shoals_entry_stream,
          spider_nest_entry_web_field, nicolae_quartered_pool_medium,
          grunt_forest_large_clearings
Lair:3:   layout_roguey, gammafunk_ghost_grave
Lair:4:   layout_cave_shapes, serial_bayou_pond_a, minmay_lair_oklob_chamber,
          grunt_megastairs_4
Lair:5:   layout_long_grid, nicolae_slime_entry_slimehenge,
          serial_bayou_crossing
Lair:6:   hellmonk_lair_end_abyssal_woods, layout_regular_city
Shoals:1: argonaut_golden_fleece, layout_shoals,
          nicolae_shoals_stone_sculpture_thing, nicolae_shoals_wave_tunnel,
          uniq_louise, uniq_donald
Shoals:2: cheibrodos_shoals_roost, layout_shoals, nicolae_shoals_c_island
Shoals:3: layout_shoals, serial_shops, shop, uniq_polyphemus
Shoals:4: shoals_end_grunt_ice, layout_shoals
Spider:1: layout_spider_delve
Spider:2: layout_spider_delve, drop_trap, nicolae_orb_stairs,
          hangedman_spider_tarantella_strand, uniq_arachne, uniq_asterion,
          uniq_azrael
Spider:3: nicolae_spider_hilbert_zone_6 [nicolae_spider_hilbert_4_sides_1_open,
          nicolae_spider_hilbert_4_sides_1_open,
          nicolae_spider_hilbert_4_sides_1_open,
          nicolae_spider_hilbert_4_sides_1_open,
          nicolae_spider_hilbert_4_sides_1_open,
          nicolae_spider_hilbert_4_sides_1_open,
          nicolae_spider_hilbert_4_sides_1_open], uniq_roxanne
Spider:4: johnstein_spider_rune_arachne_lair, nicolae_spider_checkerboard
Orc:1:    layout_caves, serial_shops, shop, nicolae_shop_trees
Orc:2:    grunt_orc_tribal_feast, layout_diamond_mine,
          nicolae_orc_flooded_monolith, nicolae_specific_store
Elf:1:    eino_elf_arrival_altar, layout_loops_corners, serial_shops,
          nicolae_shop_trees, minmay_elf_demonology, lemuel_upstairs_altar,
          uniq_nikola
Elf:2:    nicolae_elf_blades_splatter_lattice
          [nicolae_blade_entry_hurt_lockers], layout_rooms, serial_shops,
          nicolae_stop_n_shop_2, nicolae_shop_window_shopping, moated_statue
Elf:3:    elf_hall, layout_loops_corners
Vaults:1: vaults_dpeg_doors, nicolae_vaults_alarming,
          vaults_standard_mumra_lines, vaults_standard_mumra_x,
          vaults_room_corners, dpeg_vaults_waves, nicolae_vaults_rhombus_7,
          v_pattern_4, vaults_room_pools, layout_vaults_chaotic_city,
          serial_shops, nicolae_shop_temple_entry_statues_fountains, shop, shop
Vaults:2: nicolae_vaults_network_quinsquares
          [nicolae_vaults_network_quincunx_subvault,
          nicolae_vaults_network_quincunx_subvault,
          nicolae_vaults_network_quincunx_subvault,
          nicolae_vaults_network_quincunx_subvault], vaults_room_fours,
          v_misc_33, v_misc_26, nicolae_vaults_know_your_exits,
          nicolae_vaults_three_branches, v_rooms_5, blue_anna_dwarven_crypt,
          vaults_room_fancy_cross, vaults_dpeg_diagonal,
          layout_vaults_omnicross, uniq_boris
Vaults:3: hangedman_vaults_unwind, ontoclasm_vaults_chip,
          grunt_vaults_hallway_long, hangedman_vaults_stream,
          ontoclasm_vaults_eye, hangedman_vaults_corner, v_pattern_3,
          nicolae_vaults_fighting_squares, vaults_room_grid,
          grunt_vaults_diagonal, layout_vaults_omnibox, serial_shops,
          nicolae_shop_trees, lightli_enter_wizlab_magi_temple
Vaults:4: v_misc_9, vaults_room_fancy_cross, v_misc_33, v_misc_10,
          v_alt_pattern_4, v_rooms_4, vaults_room_hallway,
          vaults_room_door_hall, vaults_mumra_minichess, v_misc_17, v_misc_17,
          v_alt_pattern_4, nicolae_vaults_gold_heap, layout_vaults_ring
Vaults:5
Depths:1: layout_cave_shapes, hell_entry, roderic_serpentine_path,
          nicolae_elyvilon_peaceful_grove, serial_bayou_shore_b
Depths:2: minmay_concentric_multi, layout_gridville, rand_demon_pan_entry_7,
          hangedman_decor_opposing, pf_hell_entry_tar_river,
          nicolae_ru_awakened_eye, firewood_loft
Depths:3: box_level_dp, hell_entry, pan_entry, uniq_mennas
Depths:4: lemuel_vampire_tower, layout_basic, hell_entry, minivault_11,
          minmay_room_of_horrors, kennysheep_two_boxes,
          infiniplex_staircase_zigzag_1, uniq_margery
Depths:5: grunt_crosshair, layout_cave_pools, hell_entry,
          chequers_serial_rivers_large_a,
          nicolae_uskayaw_murder_on_the_dancefloor, minmay_shop_grove,
          uniq_frederick
Hell
Zot:1:    layout_twisted_circle, hangedman_zot_decor_checkerboard
Zot:2:    layout_concentric_octagons
Zot:3:    lemuel_acid_trip, layout_cathedral_of_symmetry
Zot:4:    layout_gridville
Zot:5:    layout_gridlike, gammafunk_ghost_tricky_traps, door_vault

Skill      XL: |  1  2  3  4  5  6  7  8  9 10 11 12 13 14 15 16 17 18 19 20 21 22 23 24 25 26 27 |
---------------+----------------------------------------------------------------------------------+-----
Polearms       | 5 6 7 8 9 12 14 16 17 18 20 21 22 23 24 | 24.8
Fighting       | 3 4 5 6 8 9 10 11 12 13 18 20 21 22 24 26 | 26.9
Dodging        | 5 6 8 9 10 11 12 13 15 16 18 19 20 21 23 24 25 | 25.4
Shields        | 3 4 6 7 8 9 10 11 13 14 | 14.0
Armour         | 2 5 6 7 8 9 10 11 12 13 14 20 | 20.0
Invocations    | 2 4 6 8 |  8.0
Throwing       | 4 |  4.0
Evocations     | 2 5 9 10 12 13 14 15 17 18 21 | 21.2

Action                   |  1- 3 |  4- 6 |  7- 9 | 10-12 | 13-15 | 16-18 | 19-21 | 22-24 | 25-27 || total
-------------------------+-------+-------+-------+-------+-------+-------+-------+-------+-------++-------
Melee: Trident           |    99 |    32 |   384 |  1075 |  2227 |  1696 |  2003 |  2058 |  3224 || 12798
       Spear             |       |   105 |       |       |       |       |       |       |       ||   105
       Tailslap          |       |       |     2 |       |     2 |    67 |       |    10 |       ||    81
       Demon trident     |       |       |       |       |       |   562 |       |       |       ||   562
Throw: Throwing net      |       |     2 |     1 |     3 |     2 |     3 |     7 |     1 |     2 ||    21
       Dart              |       |       |     2 |     3 |     4 |    17 |     1 |     4 |     1 ||    32
Invok: Heroism           |       |       |     1 |       |     1 |     7 |     1 |       |    13 ||    23
       Finesse           |       |       |       |       |       |     1 |       |       |     8 ||     9
Evoke: Condenser vane    |       |       |       |       |     4 |     2 |     3 |     9 |     8 ||    26
       Wand              |       |       |       |       |    11 |    24 |     9 |    13 |    14 ||    71
       Phantom mirror    |       |       |       |       |       |       |       |     2 |     3 ||     5
       Horn of Geryon    |       |       |       |       |       |       |       |       |     1 ||     1
       Lightning rod     |       |       |       |       |       |       |       |       |     1 ||     1
  Use: Scroll            |     8 |     6 |     3 |     9 |     5 |     6 |     3 |    13 |    13 ||    66
       Potion            |       |       |     1 |       |     1 |     6 |       |     2 |    15 ||    25
 Stab: Sleeping          |     1 |     5 |     3 |       |       |       |       |       |       ||     9
       Distracted        |       |     1 |       |       |     1 |     1 |       |       |     1 ||     4
       Held in net/web   |       |       |       |     5 |     1 |    10 |     7 |     4 |     3 ||    30
       Confused          |       |       |       |       |     3 |       |       |       |       ||     3
Armor: Leather armour    |    10 |       |       |       |       |       |       |       |       ||    10
       Ring mail         |     1 |    32 |    66 |       |       |       |       |       |       ||    99
       Chain mail        |       |       |     9 |   264 |   588 |    10 |       |       |       ||   871
       Scale mail        |       |       |       |    29 |       |       |       |       |       ||    29
       Plate armour      |       |       |       |       |       |   853 |   618 |    95 |       ||  1566
       Gold dragon scale |       |       |       |       |       |       |       |   845 |   998 ||  1843
Dodge: Dodged            |    67 |    65 |   225 |   336 |   945 |  1094 |   599 |   639 |   817 ||  4787
Block: Kite shield       |       |       |       |   402 |  1228 |  1342 |   968 |  1271 |  1420 ||  6631
